 Seeded DCSS version 0.30.1-4-g462c640d31 (webtiles) character file.

Game seed: 6351066067085065685 (custom seed)

380 Esekla the Magician (level 6, 0/32 HPs)
             Began as a Deep Elf Wanderer on Sept 10, 2023.
             Was a Follower of Vehumet.
             Slain by a gnoll
             ... wielding a +0 halberd
              (11 damage)
             ... on level 4 of the Dungeon.
             The game lasted 00:20:57 (3434 turns).

Esekla the Magician (Deep Elf Wanderer)             Turns: 3434, Time: 00:20:58

Health: 0/32       AC:  4    Str: 11    XL:     6   Next: 46%
Magic:  13/18      EV: 11    Int: 20    God:    Vehumet [*.....]
Gold:   186        SH:  4    Dex: 11    Spells: 10/20 levels left

rFire   . . .        a - +2 dagger (vamp)
rCold   . . .        d - +0 buckler
rNeg    . . .        c - +0 robe
rPois   .            k - +0 helmet
rElec   .            (no cloak)
rCorr   .            n - +0 pair of gloves
SInv    .            (no boots)
Will    .....        (no amulet)
Stlth   ++           (no ring)
HPRegen 0.25/turn    (no ring)
MPRegen 0.16/turn

%: no passive effects
@: no status effects
A: no striking features
a: Renounce Religion


You were on level 4 of the Dungeon.
You worshipped Vehumet.
Vehumet was aware of your devotion.
You visited 1 branch of the dungeon, and saw 5 of its levels.

You collected 186 gold pieces.

Inventory:

Hand Weapons
 a - a +2 vampiric dagger (weapon)
 r - a +0 trident
 s - the +5 rapier of the Hero {heavy, rN+ Dex+3}
   (You found it on level 3 of the Dungeon)

   Dex:       It affects your dexterity (+3).
   rN:        It protects you from negative energy.
Missiles
 y - 6 poisoned darts (quivered)
Armour
 c - a +0 robe (worn)
 d - a +0 buckler (worn)
 k - a +0 helmet (worn)
 n - a +0 pair of gloves (worn)
Wands
 m - a wand of flame (15)
 v - a wand of roots (8)
Scrolls
 g - 4 scrolls of identify {unknown}
 l - 2 scrolls of enchant weapon {unknown}
 o - a scroll of amnesia {unknown}
 p - a scroll of enchant armour {unknown}
 t - a scroll of immolation {unknown}
 w - a scroll of blinking {unknown}
 x - a scroll of fog {unknown}
 z - a scroll of summoning {unknown}
 A - a scroll of silence {unknown}
Potions
 b - a potion of lignification
 e - a potion of ambrosia {unknown}
 f - 2 potions of attraction {unknown}
 h - a potion of heal wounds {unknown}
 i - 2 potions of curing
 j - a potion of mutation {unknown}
 q - a potion of haste {unknown}
 u - 2 potions of brilliance {unknown}


   Skills:
 + Level 1.0 Short Blades
 + Level 0.1 Throwing
 * Level 1.8 Dodging
 + Level 1.5 Stealth
 + Level 1.8 Shields
 * Level 7.9 Spellcasting
 + Level 1.1 Conjurations
 * Level 3.0 Necromancy
 + Level 2.6 Translocations
 + Level 1.0 Invocations


You had 10 spell levels left.
You knew the following spells:

 Your Spells              Type           Power      Damage    Failure   Level
a - Magic Dart            Conj           48%        1d5       8%          1
b - Blink                 Tloc           36%        N/A       6%          2
d - Vampiric Draining     Necr           20%        2d7       11%         3
p - Apportation           Tloc           36%        N/A       4%          1
t - Teleport Other        Tloc           18%        N/A       12%         3

Your spell library contained the following spells:

 Spells                   Type           Power      Damage    Failure   Level
 Foxfire                  Conj/Fire      40%        2x1d6     10%         1
 Lesser Beckoning         Tloc           36%        N/A       6%          2
 Gell's Gravitas          Tloc           18%        N/A       12%         3
 Ignite Poison            Fire/Tmut/Pois 7%         N/A       36%         3


Dungeon Overview and Level Annotations

Branches:
Dungeon (5/15)
 Temple: D:4-7

Altars:
Hepliaklqana
Okawaru
Qazlal
Trog
Vehumet
Zin
The Shining One

Shops:
D:2 =


Message History

You hit the gnoll.
You feel better.
The gnoll is almost dead.
The gnoll hits you with a +0 club.
You hit the gnoll.
You feel better.
You kill the gnoll!
Vehumet accepts your kill.
You hit the gnoll.
The gnoll is heavily wounded.
The gnoll hits you with a +0 flail.
The gnoll hits you from afar with a +0 halberd!
The gnoll barely misses you.
Casting: Magic Dart (safe; 8% risk of failure)
Confirm with . or Enter, or press ? or * to list all spells.
The spell is quite dangerous to miscast (11% risk of failure)!
Continue anyway?
Aiming: Vampiric Draining (quite dangerous; 11% risk of failure)
Press: ? - help, Shift-Dir - straight line, f - gnoll, p - gnoll
Aim: a gnoll, wielding a +0 flail (heavily wounded)
You draw life force from the gnoll.
You feel life coursing into your body. The gnoll barely misses you.
The gnoll hits you but does no damage.
Casting: Vampiric Draining (quite dangerous; 11% risk of failure)
Confirm with . or Enter, or press ? or * to list all spells.
The spell is quite dangerous to miscast (11% risk of failure)!
Continue anyway?
Aiming: Vampiric Draining (quite dangerous; 11% risk of failure)
Press: ? - help, Shift-Dir - straight line, f/p - gnoll
Aim: a gnoll, wielding a +0 flail (severely wounded)
You draw life force from the gnoll!
You kill the gnoll!
Vehumet accepts your kill.
You feel life coursing into your body. You block the gnoll's attack.
Throw: 7 darts (poison)
Press: ? - help, Q - select action, (/) - cycle Shift-Dir - straight line, f - gnoll
Aim: a gnoll, wielding a +0 spear (58% to hit)
You throw a poisoned dart.
The poisoned dart barely misses the gnoll.
The poisoned dart hits the gnoll.
The gnoll hits you from afar with a +0 halberd!
* * * LOW HITPOINT WARNING * * *
There is a stone staircase leading up, spattered with blood here.
The gnoll hits you from afar with a +0 halberd!
You die...

#...............###.......
#.................+.......
########................##.......
.......#.........................
.......+.........................
.......#........................#
.......#.........................
.......#..............#..........
.......#......g.@.....#..........
.###...#.............##..........
####...#.....g........#..........
.................####.#..........
##...............#....#..........
##.....##.............#..........
).............................>..
##....##...............######....
##....##...............### #....


You could see 2 gnolls.

Vanquished Creatures
  A black bear (D:1)
  A gnoll bouda (D:4)
  A hound (D:3)
  An iguana (D:2)
  10 gnolls
  4 adders
  A worm (D:4)
  3 dart slugs
  7 orcs
  4 endoplasms
  8 goblins
  5 hobgoblins
  A quokka (D:1)
  6 ball pythons
  4 bats
  4 frilled lizards
  4 kobolds
  A rat (D:2)
66 creatures vanquished.

Notes
Turn   | Place    | Note
-------+----------+-------------------------------------------
     0 | D:1      | Esekla the Deep Elf Wanderer began the quest for the Orb.
     0 | D:1      | Esekla set off with the following items: a +0 club, a
                  | potion of lignification, a +0 robe, a +0 buckler; and the
                  | following spells available to memorise: Apportation, Blink,
                  | Lesser Beckoning, Magic Dart, Ignite Poison, Vampiric
                  | Draining.
     0 | D:1      | Reached XP level 1. HP: 10/10 MP: 7/7
     2 | D:1      | Learned a level 1 spell: Magic Dart
     4 | D:1      | Learned a level 1 spell: Apportation
   306 | D:4      | Found a radiant altar of Vehumet.
   310 | D:4      | Became a worshipper of Vehumet
   334 | D:4      | Found an iron altar of Okawaru.
   392 | D:4      | Found a glowing silver altar of Zin.
   514 | D:5      | Entered Level 5 of the Dungeon
   529 | D:5      | Noticed a sleepcap
   569 | D:5      | Noticed an iguana
   854 | D:3      | Reached XP level 2. HP: 15/15 MP: 9/9
   857 | D:3      | Learned a level 2 spell: Blink
  1174 | D:2      | Noticed a black bear
  1218 | D:2      | Reached skill level 5 in Spellcasting
  1272 | D:2      | Found Renulab's Jewellery Shop.
  1292 | D:3      | Identified the +5 rapier of the Hero {heavy, rN+ Dex+3}
  1456 | D:3      | Reached skill level 1 in Necromancy
  1619 | D:3      | Found a stormy altar of Qazlal.
  1626 | D:3      | Reached XP level 3. HP: 19/19 MP: 6/11
  1630 | D:3      | Learned a level 3 spell: Vampiric Draining
  1640 | D:3      | Reached skill level 1 in Dodging
  1642 | D:3      | Found a hazy altar of Hepliaklqana.
  1642 | D:3      | Found a bloodstained altar of Trog.
  1765 | D:2      | Reached XP level 4. HP: 24/24 MP: 9/13
  1901 | D:2      | Reached skill level 6 in Spellcasting
  1963 | D:2      | Found a faded altar of an unknown god.
  2360 | D:1      | Reached * piety under Vehumet
  2360 | D:1      | Offered knowledge of Foxfire by Vehumet.
  2382 | D:1      | Learned a level 3 spell: Teleport Other
  2429 | D:1      | Reached XP level 5. HP: 28/28 MP: 14/16
  2633 | D:1      | Killed a black bear
  2634 | D:1      | Reached skill level 7 in Spellcasting
  2634 | D:1      | Reached skill level 1 in Conjurations
  2760 | D:2      | Reached skill level 1 in Short Blades
  2914 | D:3      | Reached XP level 6. HP: 19/32 MP: 11/18
  3171 | D:4      | Found a glowing golden altar of the Shining One.
  3434 | D:4      | Slain by a gnoll

Illustrated notes

Levels and vault maps discovered:
D:1:      sevenhm_arrival_forest_fort_small_3, layout_rooms,
          chequers_serial_rivers_room_b, minmay_misc_feat_five
D:2:      layout_loops_ring, dreamdust_ecumenical_altar_angels_and_demons,
          serial_shops, shop
D:3:      layout_basic, grunt_temple_overflow_open, minmay_misc_feat_iff
D:4:      layout_basic, nicolae_overflow_quartered_altars, serial_shops,
          nicolae_diamond_shop
D:5:      layout_loops_ring, lemuel_doored_altar, minmay_misc_feat_rows,
          dreamdust_wishing_well

Skill      XL: |  1  2  3  4  5  6 |
---------------+-------------------+-----
Spellcasting   | 5 6 7 |  7.9
Necromancy     | 1 2 3 |  3.0
Dodging        | 1 |  1.8
Conjurations   | 1 |  1.1
Short Blades   | 1 |  1.0
Throwing       | |  0.1
Stealth        | |  1.5
Shields        | |  1.8
Translocations | |  2.6
Invocations    | |  1.0

Action                     |  1- 3 |  4- 6 || total
---------------------------+-------+-------++-------
  Melee: Short sword       |    43 |   103 ||   146
         Dagger            |       |     7 ||     7
  Throw: Dart              |       |     9 ||     9
   Cast: Apportation       |    24 |     8 ||    32
         Magic Dart        |    36 |    46 ||    82
         Vampiric Draining |       |    23 ||    23
  Evoke: Wand              |     1 |       ||     1
    Use: Scroll            |     1 |       ||     1
   Stab: Sleeping          |       |     2 ||     2
 Armour: Robe              |    14 |    24 ||    38
  Dodge: Dodged            |    22 |    57 ||    79
  Block: Buckler           |     6 |    21 ||    27
